 Dungeon Crawl Stone Soup version 0.20.0-15-g7f486f2 (webtiles) character file.

57 straycat the Vexing (level 3, 0/26 HPs)
             Began as a Vampire Wanderer on June 27, 2017.
             Was an Initiate of Hepliaklqana.
             Slain by Robin
             ... wielding a +0 short sword
              (1 damage)
             ... on level 2 of the Dungeon.
             The game lasted 00:04:43 (1110 turns).

straycat the Vexing (Vampire Wanderer)              Turns: 1110, Time: 00:04:44

Health: 0/26       AC:  6    Str: 11    XL:     3   Next: 73%
Magic:  6/6        EV: 11    Int: 13    God:    Hepliaklqana [......]
Gold:   114        SH:  0    Dex: 15    Spells: 6/6 levels left

rFire    . . .     SeeInvis +   a - +2 spear
rCold    . . .     Gourm    .   (no shield)
rNeg     . . .     Faith    .   b - +0 ring mail
rPois    .         Spirit   .   j - +0 helmet
rElec    .         Reflect  .   (no cloak)
rCorr    .         Harm     .   (no gloves)
MR       .....                  (no boots)
Stlth    +.........             (no amulet)
Regen    0.3/turn               (no ring)
MPRegen  0.1/turn               (no ring)

@: regenerating quickly
A: reduced essence, fangs 3, see invisible, unbreathing
a: Recall Ancestor, Ancestor Identity, Renounce Religion


You were on level 2 of the Dungeon.
You worshipped Hepliaklqana.
Hepliaklqana was noncommittal.
You were very full.

You visited 1 branch of the dungeon, and saw 2 of its levels.

You collected 114 gold pieces.

Inventory:

Hand Weapons
 a - a +2 spear (weapon)
 r - a +2 mace of protection
 s - a +0 hunting sling
 t - a +5 dagger
Missiles
 e - 47 stones (quivered)
 n - 6 silver javelins
 p - 23 arrows
Armour
 b - a +0 ring mail (worn)
 j - a +0 helmet (worn)
 q - a +0 pair of gloves
Scrolls
 c - 2 scrolls of teleportation
 f - 3 scrolls of identify {unknown}
 g - 2 scrolls of recharging {unknown}
 l - a scroll of remove curse {unknown}
 m - a scroll of magic mapping {unknown}
Potions
 h - a potion of ambrosia {unknown}
 i - 2 potions of lignification {unknown}
 k - a potion of curing {unknown}
 o - a potion of brilliance {unknown}


   Skills:
 - Level 3.0 Fighting
 - Level 1.0 Throwing
 - Level 1.0 Armour
 * Level 2.3 Dodging
   Level 1.0 Shields
 - Level 2.0 Spellcasting
   Level 3.0 Hexes
   Level 1.0 Earth Magic


You had 6 spell levels left.
You didn't know any spells.

Dungeon Overview and Level Annotations

Branches:
Dungeon (2/15)

Altars:
Gozag
Hepliaklqana
Okawaru
Zin

Annotations:
D:2 Robin


Innate Abilities, Weirdness & Mutations

Your natural rate of healing is unusually fast.
You have razor-sharp teeth.
You have supernaturally acute eyesight. (SInv)
You can survive without breathing.
Your life essence is reduced. (-10% HP)


Message History

Aim: a dart slug (heavily wounded, clinging)
The hobgoblin is in the way.
You hit the hobgoblin.
The hobgoblin is almost dead.
The hobgoblin closely misses you.
Seras hits the hobgoblin.
The hobgoblin dies!
Attack whom?
Press: ? - help, Dir - move target cursor, f/p - dart slug
Aim: a dart slug (heavily wounded, clinging)
You reach to attack!
You hit the dart slug.
The dart slug is almost dead.
Seras hits the dart slug.
The dart slug dies!
Attack whom?
Press: ? - help, Dir - move target cursor, f - Robin
Aim: Robin, wielding a short sword, wearing an animal skin and wearing a shiny helmet You barely miss Robin.
Robin hits you with a short sword.
* * * LOW HITPOINT WARNING * * *
Seras hits Robin but does no damage.
Robin hits you with a short sword.
You die...

#......##.#
#.##.......
###.##.#.#...
#............
#########.#.##.#.#...
#....................
######.##.#.##.......
#.....##............
#.#@######..........
#.#g# #..........
#.#R# ..........
#.#)#### ##......
#..†...# ....#.#
######w# . #)# ...
####w###..#.
#g..g.......


You could see the friendly Seras the ancestor and Robin.

Vanquished Creatures
  An ooze (D:2)
  2 worms (D:2)
  A dart slug (D:1)
  A leopard gecko (D:1)
  A giant cockroach (D:1)
  7 hobgoblins
  2 jackals (D:1)
  A ball python (D:2)
  2 bats
  2 frilled lizards
  11 goblins
  A kobold (D:1)
  A rat (D:1)
33 creatures vanquished.

Vanquished Creatures (collateral kills)
  A dart slug (D:2)
  A bat (D:2)
  A hobgoblin (D:2)
  A kobold (D:2)
4 creatures vanquished.

Vanquished Creatures (others)
  2 ancestors (D:2)
2 creatures vanquished.

Grand Total: 39 creatures vanquished

Notes
Turn   | Place    | Note
-------+----------+-------------------------------------------
     0 | D:1      | straycat the Vampire Wanderer began the quest for the Orb.
     0 | D:1      | straycat set off with: a +2 spear, a +0 ring mail, a scroll of teleportation, a potion of blood
     0 | D:1      | Reached XP level 1. HP: 16/16 MP: 3/3
   404 | D:1      | Reached XP level 2. HP: 23/23 MP: 5/5
   691 | D:2      | Found a glowing silver altar of Zin.
   692 | D:2      | Found an opulent altar of Gozag.
   747 | D:2      | Found a hazy altar of Hepliaklqana.
   754 | D:2      | Became a worshipper of Hepliaklqana the Forgotten
   820 | D:2      | Found an iron altar of Okawaru.
   974 | D:2      | Reached XP level 3. HP: 26/26 MP: 6/6
  1018 | D:2      | Reached skill level 1 in Dodging
  1048 | D:2      | Noticed Robin
  1108 | D:2      | HP: 1/26 [Robin/short sword (4)]
  1110 | D:2      | Slain by Robin

Skill      XL: |  1  2  3 |
---------------+----------+-----
Fighting       | 2 3 |  3.0
Dodging        | 2 |  2.3
Throwing       | |  1.0
Armour         | |  1.0
Shields        | |  1.0
Spellcasting   | |  2.0
Hexes          | |  3.0
Earth Magic    | |  1.0

Action                   || total
-------------------------++-------
Melee: Spear             ||   105
       Bite              ||     5
Invok: Ancestor Identity ||     2
  Use: Potion            ||     7
Armor: Ring mail         ||    52
Dodge: Dodged            ||    58
